MAA
SAN BERNARDINO GRASSHOPPERS @ BATTLE GROUND AEROS
08/22/2019
 
TOP OF THE 1ST
San Bernardino Grasshoppers batting - Pitching for Battle Ground Aeros : LHP Phil Hanson
Pitching: LHP Phil Hanson
Batting: RHB Jackson Shewman 0-0: Ball
1-0: Called Strike
1-1: Foul Ball, location: 2F
1-2: Fly out, F9 (Flyball, 9M)
Batting: RHB Sergio Ortíz 0-0: Ball
1-0: Ball
2-0: Swinging Strike
2-1: Fly out, F8 (Flyball, 8RS)
Batting: RHB Shawn Hicks 0-0: Ball
1-0: Called Strike
1-1: Foul Ball, location: 2F
1-2: Foul Ball, location: 2F
1-2: Ball
2-2: Ball
3-2: Foul Ball, location: 2F
3-2: Base on Balls
Batting: RHB Reggie Kahn 0-0: Ball
1-0: Called Strike
Shawn Hicks steals 2nd base
1-1: Ball
2-1: Swinging Strike
2-2: Ball
3-2: Reached on error, E5 (Groundball, 56S)
Shawn Hicks scores
Batting: RHB Alfonso Enríquez 0-0: Called Strike
0-1: Foul Ball, location: 2F
0-2: Fly out, F7 (Line Drive, 78S)
Top of the 1st over - 1 run(s), 0 hit(s), 1 error(s), 1 left on base; San Bernardino 1 - Battle Ground 0
BOTTOM OF THE 1ST
Battle Ground Aeros batting - Pitching for San Bernardino Grasshoppers : RHP Eric Clark
Pitching: RHP Eric Clark
Batting: RHB Miguel Angel González 0-0: Foul Ball, location: 2F
0-1: Foul Ball, location: 2F
0-2: Strikes out swinging
Batting: RHB Dao-zi Dai 0-0: Ball
1-0: Foul Ball, location: 2F
1-1: SINGLE (Line Drive, 89S)
Batting: RHB Jim Unknown 0-0: Called Strike
0-1: Ground out 5-3 (Groundball, 6)
Dao-zi Dai to second
Batting: RHB Wayne Cameron 0-0: Foul Ball, location: 2F
0-1: Foul Ball, location: 2F
0-2: Foul Ball, location: 2F
0-2: Ball
1-2: Fly out, F9 (Flyball, 9M)
Bottom of the 1st over - 0 run(s), 1 hit(s), 0 error(s), 1 left on base; San Bernardino 1 - Battle Ground 0
TOP OF THE 2ND
San Bernardino Grasshoppers batting - Pitching for Battle Ground Aeros : LHP Phil Hanson
Batting: RHB Ron Clark 0-0: SINGLE (Line Drive, 6MD)
Batting: LHB Davis Mills 0-0: Called Strike
0-1: Foul Ball, location: 2F
0-2: Ball
1-2: Ball
2-2: Ball
3-2: SINGLE (Line Drive, 34D)
Ron Clark to second
Batting: LHB Jesús Reyes 0-0: Ball
1-0: Called Strike
1-1: Called Strike
1-2: Ball
2-2: Foul Ball, location: 2F
2-2: Foul Ball, location: 2F
2-2: Ball
3-2: Strikes out swinging
Batting: RHB Alfonso López 0-0: Called Strike
0-1: Swinging Strike
0-2: Foul Ball, location: 2F
0-2: Strikes out swinging
Batting: RHB Jackson Shewman 0-0: Ball
1-0: Called Strike
1-1: Ball
2-1: Ball
3-1: Called Strike
3-2: Ground out 4-3 (Groundball, 4M)
Top of the 2nd over - 0 run(s), 2 hit(s), 0 error(s), 2 left on base; San Bernardino 1 - Battle Ground 0
BOTTOM OF THE 2ND
Battle Ground Aeros batting - Pitching for San Bernardino Grasshoppers : RHP Eric Clark
Batting: LHB Kenny Webster 0-0: Called Strike
0-1: Foul Ball, location: 2F
0-2: Strikes out swinging
Batting: SHB Shawn Sánchez 0-0: Ball
1-0: Ball
2-0: Called Strike
2-1: Ball
3-1: Called Strike
3-2: Fly out, F8 (Flyball, 8LM)
Batting: LHB Carlos Álvarez 0-0: Swinging Strike
0-1: Ball
1-1: Fly out, F9 (Flyball, 89M)
Bottom of the 2nd over - 0 run(s), 0 hit(s), 0 error(s), 0 left on base; San Bernardino 1 - Battle Ground 0
TOP OF THE 3RD
San Bernardino Grasshoppers batting - Pitching for Battle Ground Aeros : LHP Phil Hanson
Batting: RHB Sergio Ortíz 0-0: Ball
1-0: Ball
2-0: Called Strike
2-1: Fly out, F8 (Line Drive, 8LM)
Batting: RHB Shawn Hicks 0-0: Called Strike
0-1: Swinging Strike
0-2: Foul Ball, location: 2F
0-2: Ball
1-2: Foul Ball, location: 2F
1-2: Strikes out swinging
Batting: RHB Reggie Kahn 0-0: Called Strike
0-1: Ground out 3-1 (Groundball, 34)
Top of the 3rd over - 0 run(s), 0 hit(s), 0 error(s), 0 left on base; San Bernardino 1 - Battle Ground 0
BOTTOM OF THE 3RD
Battle Ground Aeros batting - Pitching for San Bernardino Grasshoppers : RHP Eric Clark
Batting: SHB Jim Unknown 0-0: Called Strike
0-1: Ball
1-1: Foul Ball, location: 2F
1-2: DOUBLE (Line Drive, 89M)
Batting: RHB Jim Unknown 0-0: Ball
1-0: Ball
2-0: Ball
3-0: Base on Balls
Batting: RHB Miguel Angel González 0-0: Called Strike
0-1: Ball
1-1: Ball
2-1: Ball
3-1: Called Strike
3-2: Base on Balls
Jim Unknown to third
Jim Unknown to second
Batting: RHB Dao-zi Dai 0-0: Ball
1-0: GRAND SLAM HOME RUN (Flyball, 7D), Distance : 369 ft
Batting: RHB Jim Unknown 0-0: Swinging Strike
0-1: Fly out, F9 (Flyball, 9M)
Batting: RHB Wayne Cameron 0-0: Foul Ball, location: 2F
0-1: Called Strike
0-2: Ball
1-2: Fly out, F6 (Line Drive, 6)
Batting: LHB Kenny Webster 0-0: DOUBLE (Groundball, 5L)
Batting: SHB Shawn Sánchez 0-0: Foul Ball, location: 2F
0-1: Ball
1-1: Ball
2-1: Called Strike
2-2: Ball
3-2: Ground out U3 (Groundball, 3)
Bottom of the 3rd over - 4 run(s), 3 hit(s), 0 error(s), 1 left on base; San Bernardino 1 - Battle Ground 4
TOP OF THE 4TH
San Bernardino Grasshoppers batting - Pitching for Battle Ground Aeros : LHP Phil Hanson
Batting: RHB Alfonso Enríquez 0-0: Swinging Strike
0-1: Ball
1-1: Foul Ball, location: 2F
1-2: Foul Ball, location: 2F
1-2: Ground out U3 (Groundball, 3)
Batting: RHB Ron Clark 0-0: Ball
1-0: Swinging Strike
1-1: Foul Ball, location: 2F
1-2: Fly out, F3 (Popup, 34S)
Batting: LHB Davis Mills 0-0: Ball
1-0: Swinging Strike
1-1: Foul Ball, location: 2F
1-2: Foul Ball, location: 2F
1-2: Ball
2-2: Strikes out swinging
Top of the 4th over - 0 run(s), 0 hit(s), 0 error(s), 0 left on base; San Bernardino 1 - Battle Ground 4
BOTTOM OF THE 4TH
Battle Ground Aeros batting - Pitching for San Bernardino Grasshoppers : RHP Eric Clark
Batting: LHB Carlos Álvarez 0-0: Foul Ball, location: 2F
0-1: Foul Ball, location: 2F
0-2: Strikes out swinging
Batting: SHB Jim Unknown 0-0: Ball
1-0: Called Strike
1-1: Ball
2-1: Ball
3-1: SINGLE (Line Drive, 6D)
Batting: RHB Jim Unknown 0-0: Ball
1-0: Grounds into double play, 6-4-3 (Groundball, 6)
Bottom of the 4th over - 0 run(s), 1 hit(s), 0 error(s), 0 left on base; San Bernardino 1 - Battle Ground 4
TOP OF THE 5TH
San Bernardino Grasshoppers batting - Pitching for Battle Ground Aeros : LHP Phil Hanson
Batting: LHB Jesús Reyes 0-0: Called Strike
0-1: Ball
1-1: Called Strike
1-2: Strikes out swinging
Batting: RHB Alfonso López 0-0: Called Strike
0-1: Ball
1-1: Foul Ball, location: 2F
1-2: Foul Ball, location: 2F
1-2: Ball
2-2: Foul Ball, location: 2F
2-2: Ball
3-2: Foul Ball, location: 2F
3-2: SINGLE (Groundball, 4MD)
Batting: RHB Jackson Shewman 0-0: Ball
1-0: Ball
2-0: Called Strike
2-1: Ball
3-1: Called Strike
3-2: Strikes out swinging
Batting: RHB Sergio Ortíz 0-0: Ball
1-0: Swinging Strike
1-1: Ball
2-1: Ball
3-1: Base on Balls
Alfonso López to second
Batting: RHB Shawn Hicks 0-0: Ball
1-0: Ball
2-0: Ball
3-0: Base on Balls
Alfonso López to third
Sergio Ortíz to second
Pitching: RHP Joe Lynn
Batting: RHB Reggie Kahn 0-0: Called Strike
0-1: Ball
1-1: Ball
2-1: Fly out, F9 (Flyball, 89M)
Top of the 5th over - 0 run(s), 1 hit(s), 0 error(s), 3 left on base; San Bernardino 1 - Battle Ground 4
BOTTOM OF THE 5TH
Battle Ground Aeros batting - Pitching for San Bernardino Grasshoppers : RHP Eric Clark
Batting: RHB Miguel Angel González 0-0: Ball
1-0: Called Strike
1-1: Ball
2-1: Foul Ball, location: 2F
2-2: Strikes out swinging
Batting: RHB Dao-zi Dai 0-0: Ground out 6-3 (Groundball, 6)
Batting: RHB Jim Unknown 0-0: Called Strike
0-1: Ball
1-1: Swinging Strike
1-2: Strikes out swinging
Bottom of the 5th over - 0 run(s), 0 hit(s), 0 error(s), 0 left on base; San Bernardino 1 - Battle Ground 4
TOP OF THE 6TH
San Bernardino Grasshoppers batting - Pitching for Battle Ground Aeros : RHP Joe Lynn
Batting: RHB Alfonso Enríquez 0-0: Swinging Strike
0-1: Hit by Pitch
Batting: RHB Ron Clark 0-0: Foul Ball, location: 2F
0-1: Ball
1-1: Called Strike
1-2: Ball
2-2: Ball
3-2: Foul Ball, location: 2F
3-2: Foul Ball, location: 2F
3-2: Strikes out looking
Alfonso Enríquez is caught stealing 2nd base
Batter strikes out.
Batting: LHB Davis Mills 0-0: Foul Ball, location: 2F
0-1: Ball
1-1: Swinging Strike
1-2: Ground out 4-3 (Groundball, 4)
Top of the 6th over - 0 run(s), 0 hit(s), 0 error(s), 0 left on base; San Bernardino 1 - Battle Ground 4
BOTTOM OF THE 6TH
Battle Ground Aeros batting - Pitching for San Bernardino Grasshoppers : RHP Eric Clark
Batting: RHB Wayne Cameron 0-0: Foul Ball, location: 2F
0-1: Foul Ball, location: 2F
0-2: Ball
1-2: Strikes out swinging
Batting: LHB Kenny Webster 0-0: Called Strike
0-1: Fly out, F7 (Flyball, 78M)
Batting: SHB Shawn Sánchez 0-0: Ball
1-0: SINGLE (Line Drive, 89S)
Batting: LHB Carlos Álvarez 0-0: Ball
1-0: Foul Ball, location: 2F
1-1: Foul Ball, location: 2F
1-2: Ball
2-2: Ball
3-2: Foul Ball, location: 2F
3-2: Foul Ball, location: 2F
3-2: Base on Balls
Shawn Sánchez to second
Batting: SHB Jim Unknown 0-0: Ball
1-0: Fly out, F8 (Flyball, 8LM)
Bottom of the 6th over - 0 run(s), 1 hit(s), 0 error(s), 2 left on base; San Bernardino 1 - Battle Ground 4
TOP OF THE 7TH
San Bernardino Grasshoppers batting - Pitching for Battle Ground Aeros : RHP Joe Lynn
Batting: LHB Jesús Reyes 0-0: Foul Ball, location: 2F
0-1: Ball
1-1: Ball
2-1: Foul Ball, location: 2F
2-2: Strikes out swinging
Batting: RHB Alfonso López 0-0: Ball
1-0: Swinging Strike
1-1: Called Strike
1-2: Ball
2-2: Foul Ball, location: 2F
2-2: Foul Ball, location: 2F
2-2: Ball
3-2: Strikes out swinging
Batting: RHB Jackson Shewman 0-0: Called Strike
0-1: Ball
1-1: Ball
2-1: Foul Ball, location: 2F
2-2: Ball
3-2: Base on Balls
Batting: RHB Sergio Ortíz 0-0: Called Strike
0-1: Ball
1-1: SINGLE (Line Drive, 4)
Jackson Shewman to second
Batting: RHB Shawn Hicks 0-0: Foul Ball, location: 2F
0-1: Called Strike
0-2: Ball
1-2: Ball
2-2: Ball
3-2: Strikes out swinging
Top of the 7th over - 0 run(s), 1 hit(s), 0 error(s), 2 left on base; San Bernardino 1 - Battle Ground 4
BOTTOM OF THE 7TH
Battle Ground Aeros batting - Pitching for San Bernardino Grasshoppers : RHP Eric Clark
Batting: RHB Jim Unknown 0-0: Called Strike
0-1: Foul Ball, location: 2F
0-2: Foul Ball, location: 2F
0-2: Foul Ball, location: 2F
0-2: Ball
1-2: Ball
2-2: Ball
3-2: Base on Balls
Pitching: RHP Mario Pérez
Batting: RHB Miguel Angel González 0-0: Ball
1-0: Bunted foul
1-1: Ball
2-1: Bunt missed!
2-2: Ball
3-2: Fly out, F9 (Flyball, 89M)
Batting: RHB Dao-zi Dai 0-0: Ball
1-0: Ball
2-0: Foul Ball, location: 2F
2-1: Ball
3-1: Ground out 4-3 (Groundball, 4S)
Jim Unknown to second
Batting: RHB Jim Unknown 0-0: Ball
1-0: Called Strike
1-1: Swinging Strike
1-2: Foul Ball, location: 2F
1-2: Ball
2-2: Ball
3-2: Base on Balls
Batting: RHB Wayne Cameron 0-0: Called Strike
0-1: SINGLE (Flyball, 56D)
Jim Unknown to third
Jim Unknown to second
Runner from 3rd tries for Home, SAFE, no throw or cutoff
Batting: LHB Kenny Webster 0-0: SINGLE (Groundball, 4MD) (infield hit)
Jim Unknown to third
Wayne Cameron to second
Batting: SHB Shawn Sánchez 0-0: Foul Ball, location: 2F
0-1: Ball
1-1: Swinging Strike
1-2: Fielders Choice at 2nd, U6 (Groundball, 6M)
Bottom of the 7th over - 1 run(s), 2 hit(s), 0 error(s), 3 left on base; San Bernardino 1 - Battle Ground 5
TOP OF THE 8TH
San Bernardino Grasshoppers batting - Pitching for Battle Ground Aeros : RHP Joe Lynn
Pitching: RHP Dominic Parker
Batting: RHB Reggie Kahn 0-0: Foul Ball, location: 2F
0-1: Foul Ball, location: 2F
0-2: Strikes out swinging
Batting: RHB Alfonso Enríquez 0-0: Ball
1-0: Ground out 6-3 (Groundball, 6)
Batting: RHB Ron Clark 0-0: Ball
1-0: Called Strike
1-1: Swinging Strike
1-2: Strikes out swinging
Top of the 8th over - 0 run(s), 0 hit(s), 0 error(s), 0 left on base; San Bernardino 1 - Battle Ground 5
BOTTOM OF THE 8TH
Battle Ground Aeros batting - Pitching for San Bernardino Grasshoppers : RHP Mario Pérez
Batting: LHB Carlos Álvarez 0-0: Swinging Strike
0-1: Fly out, F6 (Popup, 6D)
Batting: SHB Jim Unknown 0-0: Called Strike
0-1: Ball
1-1: Ball
2-1: Ball
3-1: Foul Ball, location: 2F
3-2: SINGLE (Groundball, 4MD)
Batting: RHB Jim Unknown 0-0: Foul Ball, location: 2F
0-1: Ball
1-1: Ball
2-1: Ball
3-1: Base on Balls
Jim Unknown to second
Batting: RHB Miguel Angel González 0-0: Ball
1-0: Ball
2-0: Foul Ball, location: 2F
2-1: Ground out 5-3 (Groundball, 5S)
Jim Unknown to third
Jim Unknown to second
Batting: RHB Dao-zi Dai 0-0: Ball
1-0: SINGLE (Flyball, 78S)
Jim Unknown scores
Jim Unknown to third
Runner from 3rd tries for Home, SAFE, no throw or cutoff
Pitching: RHP Culley Adjeng
Batting: RHB Jim Unknown 0-0: Ground out 2-3 (Groundball, 25)
Bottom of the 8th over - 2 run(s), 2 hit(s), 0 error(s), 1 left on base; San Bernardino 1 - Battle Ground 7
TOP OF THE 9TH
San Bernardino Grasshoppers batting - Pitching for Battle Ground Aeros : RHP Dominic Parker
Batting: LHB Davis Mills 0-0: Ball
1-0: Ball
2-0: Ball
3-0: Called Strike
3-1: Base on Balls
Batting: LHB Jesús Reyes 0-0: Called Strike
0-1: Ball
1-1: Ball
2-1: Ball
3-1: Foul Ball, location: 2F
3-2: Base on Balls
Davis Mills to second
Batting: RHB Alfonso López 0-0: Ball
1-0: Foul Ball, location: 2F
1-1: Foul Ball, location: 2F
1-2: Strikes out swinging
Batting: RHB Jackson Shewman 0-0: Ball
1-0: Fly out, F4 (Line Drive, 4)
1-0: Lined into DP, 4-6 (Line Drive, 4)
Top of the 9th over - 0 run(s), 0 hit(s), 0 error(s), 1 left on base; San Bernardino 1 - Battle Ground 7
This league is powered by Out of the Park Baseball, the baseball management simulation game for PC, Mac and Linux
Saturday, July 25th, 2015 - OOTP Baseball 15.6 Build 34